AoeStats
← sawacdard

Arena

504138734Analyzed
4v4 RM · 28d ago on Sep 4, 2026· 54m 19s· 8 players
Game mode
Random Map
Map size
Large (8 player)
Population
200
Speed
Normal
Resources
Standard
Victory
Conquest
Starting age
Dark Age
Ending age
Imperial Age
RankedLock teamsTeams togetherTeam positionsShared explorationLock speedFull tech treeHidden civsTurbo modeCheats
Victory
Defeat
🇲🇽 Khmer · Mexico
1353
+12
🇲🇽 Sicilians · Mexico
1318
+14
🇲🇽 Wei · Mexico
1289
+15
🇵🇪 Bulgarians · Peru
1266
+16
🇺🇸 Spanish · United States
1360
-18
🇹🇼 Celts · Taiwan
1260
-14
🇵🇾 Burgundians · Paraguay
1247
-13
🇻🇳 Shu · Vietnam
1210
-12
Hombre invisible
12:15 Feudal Age
16:23 Castle Age
14:10 Double-Bit Axe
14:07 Horse Collar
17:39 Bow Saw
17:30 Heavy Plow
18:10 Wheelbarrow
19:26 Loom
20:28 Fervor
24:18 Gold Mining
25:06 Hand Cart
29:11 Imperial Age
27:41 Scale Barding Armor
27:47 Forging
27:00 Light Cavalry
27:51 Bloodlines
27:42 Husbandry
29:06 Gold Shaft Mining
28:22 Stone Mining
29:00 Chain Barding Armor
29:16 Iron Casting
30:14 Stone Shaft Mining
30:08 Elite Battle Elephant
31:51 Crop Rotation
34:52 Redemption
36:45 Heavy Scorpion
38:32 Conscription
39:34 Town Watch
40:25 Plate Barding Armor
40:51 Blast Furnace
39:53 Tusk Swords
41:53 Devotion
41:48 Hussar
42:52 Ballistics
43:33 Chemistry
42:34 Double Crossbow
46:49 Siege Engineers
47:35 Fletching
47:47 Padded Archer Armor
48:35 Murder Holes
49:37 Bodkin Arrow
:) YO30830
9:00 Feudal Age
9:25 Double-Bit Axe
9:21 Horse Collar
9:37 Gold Mining
10:40 Wheelbarrow
14:17 Loom
17:50 Castle Age
16:17 Fletching
16:58 Padded Archer Armor
18:09 Stone Mining
18:39 Scale Barding Armor
18:31 Bodkin Arrow
19:40 Bow Saw
23:49 Ballistics
28:18 Bloodlines
31:32 Scale Barding Armor
31:38 Forging
33:48 Chain Barding Armor
34:04 Iron Casting
36:28 Imperial Age
35:35 Light Cavalry
36:16 Husbandry
36:46 Hussar
44:00 Parthian Tactics
43:40 Thumb Ring
48:39 Chemistry
51:06 Ming Guang Armor
53:40 Conscription
Niccals_
10:56 Feudal Age
14:33 Castle Age
13:16 Double-Bit Axe
13:12 Horse Collar
14:03 Loom
18:20 Padded Archer Armor
19:36 Elite Skirmisher
42:38 Imperial Age
41:47 Wheelbarrow
41:30 Bow Saw
43:07 Hand Cart
42:58 Heavy Plow
42:50 Gold Mining
42:51 Stone Mining
43:24 Ballistics
44:22 Chemistry
42:49 Crossbowman
43:21 Fletching
43:45 Masonry
43:32 Onager
45:02 Siege Engineers
45:09 Masonry
45:18 Bodkin Arrow
45:40 Leather Archer Armor
45:50 Ballistics
45:16 Arrowslits
47:27 First Crusade
47:39 Conscription
48:14 Bracer
49:16 Scale Mail Armor
49:28 Forging
49:20 Murder Holes
49:43 Guilds
50:47 Iron Casting
50:28 Chain Mail Armor
51:20 Leather Archer Armor
52:07 Blast Furnace
51:38 Plate Mail Armor
kalioglu
10:23 Feudal Age
14:19 Castle Age
13:12 Double-Bit Axe
13:33 Horse Collar
13:46 Loom
19:49 Fletching
20:41 Bodkin Arrow
28:58 Imperial Age
28:27 Scale Barding Armor
29:55 Chain Barding Armor
31:45 Wheelbarrow
33:20 Plate Barding Armor
34:23 Forging
34:50 Conscription
34:53 Bloodlines
35:55 Bow Saw
35:46 Heavy Plow
35:52 Stirrups
37:11 Crop Rotation
36:41 Gold Mining
37:51 Iron Casting
38:15 Gold Shaft Mining
37:31 Stone Mining
39:10 Hand Cart
39:34 Scale Mail Armor
40:35 Blast Furnace
39:52 Squires
40:24 Chain Mail Armor
40:23 Town Watch
40:47 Husbandry
40:12 Elite Konnik
42:28 Plate Mail Armor
41:46 Arson
43:47 Bracer
47:34 Coinage
47:45 Stone Shaft Mining
51:00 Town Patrol
alexisjcw
10:45 Feudal Age
10:34 Loom
14:44 Castle Age
15:52 Double-Bit Axe
15:51 Horse Collar
20:18 Padded Archer Armor
21:50 Fletching
26:46 Bodkin Arrow
31:12 Heavy Plow
31:45 Leather Archer Armor
32:54 Gold Mining
32:56 Stone Mining
34:12 Bow Saw
35:56 Stone Shaft Mining
35:33 Inquisition
35:40 Scale Barding Armor
37:08 Bloodlines
36:58 Husbandry
37:47 Fervor
37:58 Sanctity
40:45 Imperial Age
38:52 Wheelbarrow
39:23 Chain Barding Armor
41:36 Forging
40:50 Cavalier
42:07 Block Printing
42:46 Plate Barding Armor
42:42 Ring Archer Armor
43:03 Redemption
43:33 Theocracy
43:24 Illumination
44:48 Iron Casting
45:00 Paladin
45:42 Bracer
47:31 Town Watch
48:08 Supremacy
48:09 Conscription
49:09 Blast Furnace
49:01 Light Cavalry
51:04 Two-Man Saw
52:43 Chemistry
51:58 Hussar
53:32 Conscription
DANICW82
10:30 Feudal Age
15:05 Castle Age
13:08 Double-Bit Axe
13:37 Horse Collar
14:37 Fletching
14:46 Loom
21:44 Bodkin Arrow
23:14 Stone Mining
24:55 Wheelbarrow
29:17 Gold Mining
32:32 Bow Saw
35:00 Two-Man Saw
34:29 Scale Mail Armor
34:40 Forging
35:45 Chain Mail Armor
35:35 Scale Barding Armor
36:46 Squires
36:31 Arson
38:20 Pikeman
40:07 Iron Casting
sawacdard
10:45 Feudal Age
14:39 Castle Age
13:04 Double-Bit Axe
13:50 Horse Collar
15:55 Bow Saw
16:18 Heavy Plow
21:14 Gold Mining
22:42 Wheelbarrow
27:42 Imperial Age
24:58 Loom
25:00 Town Watch
25:03 Treadmill Crane
26:05 Hand Cart
26:37 Ballistics
28:29 Siege Engineers
29:26 Chemistry
28:16 Capped Ram
29:23 Siege Ram
30:35 Heavy Scorpion
33:13 Fletching
33:39 Masonry
33:24 Murder Holes
35:34 Scale Mail Armor
35:45 Forging
36:46 Gold Shaft Mining
36:02 Stone Mining
35:37 Pikeman
36:52 Conscription
36:57 Bodkin Arrow
37:20 Chain Mail Armor
38:12 Stone Shaft Mining
37:04 Halberdier
38:54 Plate Mail Armor
40:48 Iron Casting
42:39 Blast Furnace
42:17 Onager
42:51 Stronghold
43:24 Furor Celtica
43:53 Bodkin Arrow
44:55 Siege Onager
47:08 Careening
47:36 Hoardings
47:34 Arson
Phu Thuy
10:37 Feudal Age
14:22 Castle Age
13:15 Double-Bit Axe
13:11 Horse Collar
20:55 Wheelbarrow
20:22 Loom
20:23 Town Watch
21:52 Gold Mining
22:13 Bow Saw
22:40 Fletching
22:53 Heavy Plow
24:00 Bodkin Arrow
25:06 Padded Archer Armor
25:45 Hand Cart
26:52 Leather Archer Armor
30:26 Imperial Age
27:20 Crossbowman
28:41 Thumb Ring
29:44 Ballistics
32:12 Bracer
32:50 Gold Shaft Mining
33:10 Ring Archer Armor
34:36 Chemistry
34:00 Bolt Magazine
35:47 Arbalester
38:13 Conscription
39:40 Two-Man Saw
48:24 Forging
48:14 Scale Mail Armor
48:57 Squires
50:25 Chain Mail Armor
49:34 Pikeman
Connection lost

Rejoining the realm…

Still unreachable

The connection could not be restored.

Session expired

The server has moved on; the page needs a fresh start.